 Dungeon Crawl Stone Soup version 0.16.2-12-gd0ad4c3 (webtiles) character file.

7666 faibistes the Thaumaturge (level 10, -2/56 HPs)
             Began as a Deep Elf Wizard on Dec 13, 2018.
             Was an Elder of Sif Muna.
             Slain by Fannar
             ... wielding an uncursed staff of cold
              (11 damage)
             ... on level 12 of the Dungeon.
             The game lasted 00:46:02 (16025 turns).

faibistes the Thaumaturge (Deep Elf Wizard)        Turns: 16025, Time: 00:46:02

Health: -2/56      AC:  4    Str:  4    XL:     10   Next: 99%
Magic:  20/32      EV: 19    Int: 27    God:    Sif Muna [****..]
Gold:   627        SH:  0    Dex: 22    Spells: 7 memorised, 17 levels left

rFire  + . .     SeeInvis .     w - +3 dagger (venom)
rCold  . . .     Clarity  .     p - +0 robe {rF+}
rNeg   . . .     SustAb   .     (no shield)
rPois  .         Gourm    .     b - +1 hat
rElec  .         Spirit   .     (no cloak)
rCorr  .         Warding  .     A - +0 pair of gloves
rMut   .         Stasis   .     (no boots)
MR     +....                    (no amulet)
Stlth  +++.......               N - +4 ring of dexterity
                                L - +5 ring of dexterity

@: repel missiles, somewhat resistant to hostile enchantments, fairly stealthy
A: no striking features
a: Channel Energy, Forget Spell, Renounce Religion


You were on level 12 of the Dungeon.
You worshipped Sif Muna.
Sif Muna was greatly pleased with you.
You were not hungry.

You visited 2 branches of the dungeon, and saw 13 of its levels.
You also visited: Sewer and Bailey.

You collected 627 gold pieces.

Inventory:

Hand weapons
 n - a +1 short sword of protection
 w - a +3 dagger of venom (weapon)
 F - a +1 dagger of venom
Armour
 b - a +1 hat (worn)
 p - a +0 robe of fire resistance (worn)
 A - a +0 pair of gloves (worn)
Jewellery
 L - a +5 ring of dexterity (left hand)
 N - a +4 ring of dexterity (right hand)
Magical devices
 v - a wand of enslavement (18)
 x - a wand of slowing (22)
 H - a wand of frost (26)
 K - a wand of flame (23)
Scrolls
 f - 7 scrolls of fog
 j - a scroll of teleportation
 k - a scroll of blinking
 q - a scroll of recharging
 y - a scroll of magic mapping
 E - 3 scrolls of remove curse
Potions
 e - a potion of might
 h - a potion of haste {unknown}
 m - 2 potions of resistance
 o - 3 potions of heal wounds
 r - 4 potions of curing
 s - a potion of invisibility
 u - 2 potions of degeneration {unknown}
 z - 2 potions of magic
 B - 2 potions of lignification
 C - a potion of berserk rage {unknown}
 G - 2 potions of brilliance {unknown}
 J - a potion of agility {unknown}
 O - 5 potions of flight
Books
 a - a Grand Grimoire {highlevel}

   This book is beyond your current level of understanding.

   Spells                             Type                      Level
   a - Aura of Abjuration             Summoning                    6
   b - Summon Greater Demon           Summoning                    7
   c - Malign Gateway                 Summoning/Translocation      7
   d - Summon Horrible Things         Summoning                    8
 c - a book of Minor Magic

   Spells                             Type                      Level
   a - Magic Dart                     Conjuration                  1
   b - Blink                          Translocation                2
   c - Call Imp                       Summoning                    2
   d - Repel Missiles                 Charms/Air                   2
   e - Slow                           Hexes                        2
   f - Conjure Flame                  Conjuration/Fire             3
   g - Mephitic Cloud                 Conjuration/Poison/Air       3
 I - a book of Necromancy

   Spells                             Type                      Level
   a - Pain                           Necromancy                   1
   b - Animate Skeleton               Necromancy                   1
   c - Vampiric Draining              Necromancy                   3
   d - Regeneration                   Charms/Necromancy            3
   e - Animate Dead                   Necromancy                   4
   f - Control Undead                 Necromancy                   4
 M - a book of Dreams

   Spells                             Type                      Level
   a - Ensorcelled Hibernation        Hexes/Ice                    2
   b - Flight                         Charms/Air                   3
   c - Phase Shift                    Translocation                5
   d - Shadow Creatures               Summoning                    5
   e - Mass Confusion                 Hexes                        6
   f - Darkness                       Hexes                        7
Comestibles
 d - 8 bread rations
 g - a slice of pizza
 i - 9 beef jerkies
 l - a royal jelly
 t - 9 meat rations


   Skills:
 + Level 3.0 Fighting
 + Level 7.0 Dodging
 - Level 2.4 Stealth
 * Level 11.4 Spellcasting
 * Level 8.6 Conjurations
 + Level 4.4 Charms
 - Level 1.1 Summonings
 + Level 4.1 Translocations
 - Level 5.0 Fire Magic
 - Level 4.4 Air Magic
 - Level 3.2 Poison Magic
 * Level 5.0 Invocations
 + Level 3.6 Evocations


You had 17 spell levels left.
You knew the following spells:

 Your Spells              Type           Power        Failure   Level  Hunger
a - Magic Dart            Conj           ####         1%          1    None
b - Conjure Flame         Conj/Fire      ######..     1%          3    None
c - Call Imp              Summ           ###.....     4%          2    None
d - Blink                 Tloc           N/A          1%          2    None
e - Mephitic Cloud        Conj/Pois/Air  #####...     1%          3    None
f - Repel Missiles        Chrm/Air       #####.       1%          2    None
g - Animate Skeleton      Necr           N/A          4%          1    None


Dungeon Overview and Level Annotations

Branches:
Dungeon (12/15)            Temple (1/1) D:4             Orc (0/4) D:10
   Lair: D:8-11

Altars:
Ashenzari
Cheibriados
Dithmenos
Elyvilon
Fedhas
Gozag
Kikubaaqudgha
Makhleb
Nemelex Xobeh
Okawaru
Qazlal
Ru
Sif Muna
Trog
Vehumet
Xom
Yredelemnul
Zin
The Shining One

Shops:
D:5 (   D:8 *

Annotations:
D:12 Fannar


Message History

Okay, then.
Unknown command.
You closely miss Fannar.
Fannar is moderately wounded.
The shadow slips into darkness.
The shadow flickers and vanishes!
Deactivating autopickup; reactivate with Ctrl-A.
Fannar is engulfed in roaring flames.
Fannar closely misses you.
You closely miss Fannar.
Fannar is heavily wounded.
Fannar is engulfed in roaring flames.
Fannar misses you. Fannar blocks your attack.
Fannar is severely wounded.
Fannar is engulfed in roaring flames.
Fannar completely misses you.
Drink which item? (? for menu, Esc to quit)
You feel better.
Fannar is engulfed in roaring flames.
Fannar hits you with a staff of cold!
* * * LOW HITPOINT WARNING * * *
Fannar freezes you!
You die...

******* ############*,,,,,,
#.@§{......#*,*****
*************##e########.#*,*
,,,,,,,,,,,,,....,,,,..#.#*,*
****###########.#****#.#.##.#
,,,,$.......###.######.#.##.####
,,,........e..............%...>#
,,,.........###.######.#.##..#.#
,,,.........# #.#
####.#§##..#.## ,,,,........#
#.###....#.W#......


You could see Fannar.

Vanquished Creatures
  An orc knight (Bailey)
  The ghost of faibistes the Magician, an experienced DEWz of Sif Muna (D:7)
  3 trolls
  A trapdoor spider (D:12)
  A trapdoor spider zombie (D:9)
  Eustachio (D:8)
  2 hungry ghosts
  9 orc warriors
  An ice beast (D:6)
  2 necrophages (D:9)
  5 ogres
  2 phantoms
  2 centaurs
  Sigmund (D:4)
  3 giant frogs
  4 scorpions
  A water moccasin skeleton (D:7)
  8 wights (D:8)
  4 jellies
  3 killer bees (D:9)
  3 hounds
  A centaur zombie (D:6)
  4 giant frog zombies
  A goliath beetle (D:6)
  A quasit (D:5)
  3 crimson imps (D:6)
  2 giant frog skeletons
  5 orc priests
  8 orc wizards
  5 centaur skeletons
  5 worker ants
  Natasha (thrice) (D:3)
  4 iguanas
  Ijyb (D:3)
  Robin (D:4)
  5 gnolls
  8 river rats
  15 adders
  3 shadow imps
  2 giant mites (D:5)
  4 worms
  An orc zombie (D:6)
  An adder skeleton (D:7)
  6 giant geckos
  An ooze (Sewer)
  40 orcs
  10 ball pythons (Sewer)
  3 bat zombies
  10 giant cockroaches
  23 goblins
  18 hobgoblins
  17 jackals
  21 bats
  A giant gecko skeleton (D:4)
  A giant gecko zombie (D:6)
  12 giant newts
  A jackal zombie (D:5)
  27 kobolds
  5 quokkas
  A quokka skeleton (D:5)
  A quokka zombie (D:5)
  39 rats
378 creatures vanquished.

Vanquished Creatures (collateral kills)
  2 orcs (D:2)
2 creatures vanquished.

Vanquished Creatures (others)
  The ghost of faibistes the Thaumaturge, an experienced DEWz of Sif Muna (D:9)
1 creature vanquished.

Grand Total: 381 creatures vanquished

Notes
Turn   | Place    | Note
--------------------------------------------------------------
     0 | D:1      | faibistes, the Deep Elf Wizard, began the quest for the Orb.
     0 | D:1      | Reached XP level 1. HP: 10/10 MP: 6/6
   403 | D:1      | Reached XP level 2. HP: 15/15 MP: 7/10
   431 | D:1      | Learned a level 2 spell: Blink
   434 | D:1      | Learned a level 2 spell: Call Imp
   745 | D:2      | Reached skill level 5 in Spellcasting
   745 | D:2      | Reached XP level 3. HP: 19/19 MP: 7/14
   794 | D:1      | Learned a level 3 spell: Conjure Flame
   798 | D:1      | Learned a level 3 spell: Mephitic Cloud
  1565 | D:2      | Found a snail-covered altar of Cheibriados.
  1764 | D:2      | Reached XP level 4. HP: 24/24 MP: 3/17
  1768 | D:2      | Learned a level 2 spell: Repel Missiles
  3109 | D:3      | Noticed Ijyb
  3131 | D:3      | Killed Ijyb
  3310 | D:3      | Noticed Natasha
  3317 | D:3      | Killed Natasha
  3317 | D:3      | Reached XP level 5. HP: 28/28 MP: 8/20
  3466 | D:3      | Noticed Natasha
  3476 | D:3      | Killed Natasha
  3476 | D:3      | Reached skill level 6 in Spellcasting
  3827 | D:3      | Reached XP level 6. HP: 16/32 MP: 3/22
  3996 | D:4      | Noticed Robin
  4146 | D:4      | Killed Robin
  4214 | D:5      | Entered Level 5 of the Dungeon
  4255 | D:5      | Found a deep blue altar of Sif Muna.
  4261 | D:5      | Reached skill level 7 in Spellcasting
  4274 | D:5      | Became a worshipper of Sif Muna the Loreminder
  4535 | D:5      | Found a glowing drain.
  4559 | Sewer    | Entered a sewer
  4645 | Sewer    | Reached skill level 1 in Air Magic
  4974 | Sewer    | Reached skill level 1 in Fire Magic
  4979 | Sewer    | Reached XP level 7. HP: 37/37 MP: 11/25
  6041 | D:3      | Found a shattered altar of Ashenzari.
  6063 | D:3      | Noticed Natasha
  6065 | D:3      | Killed Natasha
  6292 | D:5      | Acquired Sif Muna's first power
  6292 | D:5      | Reached skill level 1 in Poison Magic
  6746 | D:6      | Reached XP level 8. HP: 42/42 MP: 17/27
  6761 | D:6      | Reached skill level 5 in Conjurations
  6771 | D:6      | Reached skill level 8 in Spellcasting
  7220 | D:5      | Reached skill level 5 in Dodging
  7587 | D:4      | Found a staircase to the Ecumenical Temple.
  7596 | Temple   | Entered the Ecumenical Temple
  7864 | D:4      | Noticed a phantom
  7873 | D:4      | Killed a phantom
  8136 | D:4      | Noticed Sigmund
  8146 | D:4      | Killed Sigmund
  8146 | D:4      | Acquired Sif Muna's second power
  8878 | D:5      | Found Measka's Weapon Shoppe.
  9282 | D:5      | Found a glowing silver altar of Zin.
  9285 | D:5      | Found a bloodstained altar of Trog.
  9287 | D:5      | Found a stormy altar of Qazlal.
  9419 | D:6      | Reached skill level 9 in Spellcasting
  9814 | D:7      | Noticed faibistes' ghost (experienced DEWz)
  9836 | D:7      | Killed faibistes' ghost
  9836 | D:7      | Reached XP level 9. HP: 24/46 MP: 15/29
  9991 | D:6      | Reached skill level 5 in Fire Magic
 10254 | D:6      | Reached skill level 1 in Fighting
 10277 | D:6      | Reached skill level 1 in Charms
 10877 | D:7      | Reached skill level 1 in Invocations
 10964 | D:7      | Reached skill level 1 in Evocations
 11661 | D:8      | Found Kuycinke's General Store.
 11694 | D:8      | Learned a level 1 spell: Animate Skeleton
 11854 | D:8      | Noticed Eustachio
 11879 | D:8      | Killed Eustachio
 11923 | D:8      | Found a sparkling altar of Nemelex Xobeh.
 12166 | D:8      | Found a sacrificial altar of Ru.
 12281 | D:8      | Reached skill level 10 in Spellcasting
 13116 | D:9      | Reached XP level 10. HP: 48/53 MP: 12/31
 13466 | D:10     | Entered Level 10 of the Dungeon
 13558 | D:10     | Found a staircase to the Orcish Mines.
 13699 | D:9      | Noticed faibistes' ghost (experienced DEWz)
 14099 | D:9      | Killed faibistes' ghost
 14433 | D:9      | Found a blossoming altar of Fedhas.
 14848 | D:10     | Reached skill level 11 in Spellcasting
 15108 | D:12     | Found a flagged portal.
 15134 | Bailey   | Entered a bailey
 15183 | Bailey   | Noticed an orc knight
 15450 | Bailey   | Acquired Sif Muna's third power
 15532 | Bailey   | Killed an orc knight
 15532 | Bailey   | Reached skill level 5 in Invocations
 16006 | D:12     | Noticed Fannar
 16025 | D:12     | Slain by Fannar

Action                   |  1- 3 |  4- 6 |  7- 9 | 10-12 || total
-------------------------+-------+-------+-------+-------++-------
Melee: Unarmed           |    13 |       |       |       ||    13
       Short sword       |    15 |    10 |       |     7 ||    32
       Dagger            |       |     8 |   126 |    44 ||   178
 Cast: Magic Dart        |    92 |   218 |   468 |   202 ||   980
       Mephitic Cloud    |     3 |    19 |    27 |    20 ||    69
       Blink             |     2 |     5 |    11 |    15 ||    33
       Call Imp          |       |     2 |       |     3 ||     5
       Repel Missiles    |       |     2 |     1 |       ||     3
       Conjure Flame     |       |     2 |    37 |    25 ||    64
Invok: Channel Energy    |       |       |     3 |     3 ||     6
Evoke: Wand              |       |       |       |     6 ||     6
  Use: Scroll            |       |    10 |     9 |     3 ||    22
       Potion            |       |       |     3 |     3 ||     6
 Stab: Confused          |     1 |       |     3 |     1 ||     5
       Sleeping          |       |     1 |     1 |       ||     2
       Distracted        |       |       |     1 |       ||     1
  Eat: Chunk             |     3 |     9 |    25 |     6 ||    43
       Fruit             |       |       |     1 |     4 ||     5
